 Dungeon Crawl Stone Soup version 0.18-a0-1426-g3b9a63c (webtiles) character file.

28 M4edhros the Charlatan (level 3, -2/23 HPs)
             Began as an Octopode Artificer on Feb 28, 2016.
             Slain by a giant frog (4 damage)
             ... on level 3 of the Dungeon.
             The game lasted 00:01:02 (805 turns).

M4edhros the Charlatan (Octopode Artificer)          Turns: 805, Time: 00:01:02

Health: -2/23      AC:  1    Str: 10    XL:     3   Next: 14%
Magic:  5/5        EV: 12    Int: 15    God:
Gold:   83         SH:  0    Dex: 12    Spells: 0 memorised, 2 levels left

rFire  . . .     SeeInvis .       - Unarmed
rCold  . . .     Gourm    .     (no shield)
rNeg   . . .     Faith    .     (helmet restricted)
rPois  .         Spirit   .     (no amulet)
rElec  .         Dismiss  .     (no ring)
rCorr  .         Reflect  .     (no ring)
SustAt .         Harm     .     (no ring)
MR     .....                    (no ring)
Stlth  +++.......               (no ring)
                                (no ring)
                                (no ring)
                                (no ring)

@: not resistant to hostile enchantments, fairly stealthy
A: almost no armour, amphibious, 8 rings, constrict 8, camouflage 1, gelatinous
body 1
a: no special abilities


You were on level 3 of the Dungeon.
You were not hungry.

You visited 1 branch of the dungeon, and saw 3 of its levels.

You collected 83 gold pieces.

Inventory:

Hand Weapons
 l - a +0 flail of draining
Wands
 b - a wand of flame (15/48)
 c - a wand of enslavement (15/24)
 d - a wand of random effects (15/48)
Scrolls
 e - a scroll of noise {unknown}
 h - a scroll of fear {unknown}
Potions
 g - 2 potions of curing {unknown}
 i - a potion of invisibility {unknown}
 k - 2 potions of heal wounds {unknown}
Comestibles
 a - a meat ration
 f - a bread ration
 j - 3 fruits


   Skills:
 - Level 1.0 Fighting
   Level 1.0 Short Blades
 - Level 2.0 Dodging
 - Level 1.3 Stealth
 + Level 2.6 Unarmed Combat
 - Level 3.2 Evocations


You had 2 spell levels left.
You didn't know any spells.

Dungeon Overview and Level Annotations

Branches:
Dungeon (3/15)

Altars:
Dithmenos
Elyvilon


Innate Abilities, Weirdness & Mutations

You cannot wear most types of armour.
You are amphibious.
You can wear up to eight rings at the same time.
You can use your tentacles to constrict eight enemies at once.
Your skin changes colour to match your surroundings (Stealth).
Your rubbery body absorbs attacks (AC +1).


Message History

The giant frog closely misses you.
You completely miss the giant frog. Your grab misses the giant frog.
The giant frog is moderately wounded.
The giant frog hits you. The giant frog barely misses you.
You tentacle-slap the giant frog. You grab the giant frog.
The giant frog is moderately wounded.
You constrict the giant frog. The giant frog barely misses you.
Unknown command.
You tentacle-slap the giant frog. You squeeze the giant frog.
The giant frog is severely wounded.
You constrict the giant frog. The giant frog closely misses you.
The giant frog hits you!
* * * LOW HITPOINT WARNING * * *
Unknown command.
Unknown command.
Unknown command.
You tentacle-slap the giant frog.
The giant frog is almost dead.
You constrict the giant frog. The giant frog hits you.
You die...

#.####.#...#
#....#.#...#
..#.#.#...# .........#
##..!#..#####
............ ####....#
#.# #.#.#.......# #.#
.......)F@.#.# #.#
.....#.....#.# #.# ####
#.#####.###.########
....................#
.....###############.##
....## #.# .... #.# ...
#.# #.#


You could see a giant frog.

Vanquished Creatures
  An ooze (D:1)
  A dart slug (D:1)
  A giant gecko (D:1)
  4 bats
  3 giant cockroaches
  2 goblins (D:1)
  2 hobgoblins
  3 kobolds
  2 rats
19 creatures vanquished.

Notes
Turn   | Place    | Note
--------------------------------------------------------------
     0 | D:1      | M4edhros the Octopode Artificer began the quest for the Orb.
     0 | D:1      | Reached XP level 1. HP: 13/13 MP: 3/3
    13 | D:1      | Reached skill level 1 in Unarmed Combat
    20 | D:1      | Reached XP level 2. HP: 5/18 MP: 4/4
   609 | D:2      | Reached XP level 3. HP: 23/23 MP: 5/5
   689 | D:2      | Found a shadowy altar of Dithmenos.
   689 | D:2      | Found a white marble altar of Elyvilon.
   797 | D:3      | Noticed a giant frog
   805 | D:3      | Slain by a giant frog

Vault maps used:
D:1:      saegor_arrival_simple_c
D:2:      fedhas_altar_3, gammafunk_temple_overflow_wave,
          kennysheep_decorative_pillar, minmay_box_of_dots, uniq_iyjb
D:3:      first_bread, uniq_terence

Skill      XL: |  1  2 |
---------------+-------+-----
Unarmed Combat | 1 2 |  2.6
Fighting       | |  1.0
Short Blades   | |  1.0
Dodging        | |  2.0
Stealth        | |  1.3
Evocations     | |  3.2

Action                   || total
-------------------------++-------
Melee: Unarmed           ||    41
       Flail             ||     2
 Stab: Sleeping          ||     7
